 Dungeon Crawl Stone Soup version 0.30-a0-49-g1cef19eb02 (webtiles) character file.

Game seed: 18394212763085716353

3976 drugrobin the Basher (level 9, 0/72 (75) HPs)
             Began as a Demigod Delver on Sept 2, 2022.
             Slain by a wight
             ... wielding a +2 halberd of venom
              (1 damage)
             ... on level 8 of the Dungeon.
             The game lasted 00:20:21 (7692 turns).

drugrobin the Basher (Demigod Delver)               Turns: 7692, Time: 00:20:21

HP:   0/72 (75)     AC: 16    Str: 28    XL:     9   Next: 72%
MP:   11/11         EV:  9    Int: 12    God:
Gold: 193           SH:  4    Dex: 21    Spells: 2/8 levels left

rFire   . . .      SeeInvis .    a - +6 flail "Honopal" {pain, rN++ rCorr Str+3}
rCold   . . .      Faith    .    M - +0 buckler
rNeg    + + .      Spirit   .    n - +0 plate armour
rPois   +          Reflect  .    w - +0 hat
rElec   .          Harm     .    r - +0 cloak
rCorr   +          Rampage  .    x - +0 pair of gloves
Will    .....                    l - +0 pair of boots
Stlth   ..........               (no amulet)
HPRegen 0.22/turn                q - +6 ring of dexterity
MPRegen 0.12/turn                m - ring of poison resistance

@: lightly drained
A: high MP 1, forlorn, divine attributes
a: no special abilities


You were on level 8 of the Dungeon.
You visited 1 branch of the dungeon, and saw 8 of its levels.

You collected 396 gold pieces.
You spent 203 gold pieces at shops.

Inventory:

Hand Weapons
 a - the +6 flail "Honopal" (weapon) {pain, rN++ rCorr Str+3}
   (You found it on level 5 of the Dungeon)

   In the hands of one skilled in necromantic magic, it inflicts extra damage on
   living creatures.
   Str:       It affects your strength (+3).
   rN:        It greatly protects you from negative energy.
   rCorr:     It protects you from acid and corrosion.
 b - a +2 dagger of venom
 c - a +0 sling of flaming
 D - a +0 hand axe of draining
Missiles
 H - 5 curare-tipped darts
 K - 2 poisoned darts
 N - 3 boomerangs (quivered)
Armour
 h - a +0 leather armour
 l - a +0 pair of boots (worn)
 n - a +0 plate armour (worn)
 r - a +0 cloak (worn)
 w - a +0 hat (worn)
 x - a +0 pair of gloves (worn)
 M - a +0 buckler (worn)
Jewellery
 m - a ring of poison resistance (right hand)
 q - a +6 ring of dexterity (left hand)
 v - a ring of protection from fire
 O - a ring of ice
 R - a ring of see invisible
Wands
 g - a wand of digging (2)
 F - a wand of charming (6)
 J - a wand of roots (9)
Scrolls
 d - 2 scrolls of magic mapping
 e - a scroll of fear
 i - 3 scrolls of torment {unknown}
 o - a scroll of vulnerability {unknown}
 p - 9 scrolls of teleportation
 u - 2 scrolls of brand weapon {unknown}
 y - 2 scrolls of enchant armour
 B - a scroll of fog
 C - 6 scrolls of identify {unknown}
 E - 2 scrolls of silence {unknown}
 I - 3 scrolls of amnesia {unknown}
 P - a scroll of immolation {unknown}
 Q - a scroll of enchant weapon {unknown}
Potions
 f - a potion of haste
 j - a potion of degeneration {unknown}
 k - 2 potions of brilliance
 s - 4 potions of cancellation {unknown}
 t - 4 potions of heal wounds {unknown}
 z - 2 potions of might {unknown}
 A - 3 potions of curing
 G - a potion of mutation {unknown}
 L - 2 potions of lignification {unknown}


   Skills:
 - Level 5.9 Fighting
 - Level 1.7 Short Blades
 * Level 8.8 Maces & Flails
 + Level 5.5 Armour
 - Level 3.5 Dodging
 - Level 4.5 Stealth
 + Level 5.1 Necromancy


You had 2 spell levels left.
You knew the following spells:

 Your Spells              Type           Power      Damage    Failure   Level
a - Ensorcelled Hibernat  Hex/Ice        0%         N/A       100%        2
b - Anguish               Hex/Necr       3%         N/A       100%        4

Your spell library contained the following spells:

 Spells                   Type           Power      Damage    Failure   Level
 Beastly Appendage        Tmut           0%         N/A       99%         1
 Slow                     Hex            0%         N/A       99%         1
 Poisonous Vapours        Pois/Air       0%         N/A       100%        2
 Wereblood                Tmut           0%         N/A       100%        2
 Vampiric Draining        Necr           12%        2d6       88%         3
 Confusing Touch          Hex            0%         N/A       100%        3
 Spider Form              Tmut/Pois      0%         N/A       100%        3
 Corpse Rot               Necr/Pois/Air  4%         N/A       100%        4


Dungeon Overview and Level Annotations

Branches:
Dungeon (8/15)             Temple (0/1) D:7
   Lair: D:8-11

Shops:
D:3 ?   D:6 [

Annotations:
D:6 1 transporter, Maggie


Innate Abilities, Weirdness & Mutations

You have an increased reservoir of magic. (+10% MP)
You shall have no god before yourself.
Your divine heritage dramatically boosts your attributes as you level up.


Message History

Unknown command.
Unknown command.
Your life force is lightly drained.
Your movement speed is average.
Your attack delay is about 1.0.
Your base attributes are Str 25, Int 12, Dex 15.
Unknown command.
Unknown command.
Unknown command.
Unknown command.
You hit the wight but do no damage.
The wight is lightly damaged.
The wight hits you but does no damage. The wight barely misses you.
Unknown command.
Unknown command.
Unknown command.
You closely miss the wight.
The wight is lightly damaged.
You block the wight's attack. The wight barely misses you.
Unknown command.
Unknown command.
Press: ? - help, v - describe, . - travel
Here: a wight, wielding a +4 dire flail and wearing a +0 robe (lightly damaged)
The floor.
Unknown command.
You thump the wight!
The wight is almost destroyed.
The wight hits you with a +4 dire flail.
* * * LOW HITPOINT WARNING * * *
The wight closely misses you.
Unknown command.
Unknown command.
Unknown command.
Unknown command.
Unknown command.
You bludgeon the wight!!
You destroy the wight!
The wight hits you from afar with a +2 halberd of venom!
* * * LOW HITPOINT WARNING * * *
You partially resist.
You feel drained.
You die...

#.......# ##.......### #.....##
##...........
#########......###............
###.##.........)...........)..#)
#..................z........####
##...#........).##..........## #
#....#.........)####).......#
#....##.......z####.........#
#..#.#.........)@.........#...
##.##.....................#....
####...............#.....##...
##.......###....##....#
##..............#......
###.....#.....##..#...
#....#....... #....###......
##....#....


You could see a wight.

Vanquished Creatures
  Pikel (D:4)
  Maurice (D:8)
  A troll (D:7)
  Grinder (D:4)
  Sigmund (D:4)
  A wyvern (D:8)
  A wraith (D:7)
  Eustachio (D:4)
  2 steam dragons
  2 water moccasins
  A sky beast (D:8)
  An orc warrior (D:7)
  A black bear (D:7)
  An ogre (D:6)
  A kobold brigand (D:8)
  2 scorpions
  A necrophage (D:8)
  4 wights (D:8)
  An electric eel (D:6)
  4 howler monkeys
  3 jellies
  3 orc priests
  2 hounds
  2 iguanas
  9 orc wizards
  9 adders
  A shadow imp (D:7)
  2 white imps
  An ufetubus (D:6)
  3 worms
  4 dart slugs
  20 orcs
  6 ball pythons
  9 endoplasms
  A giant cockroach (D:1)
  10 goblins
  8 hobgoblins
  14 kobolds
  4 quokkas
  4 bats
  5 frilled lizards
  3 rats
152 creatures vanquished.

Vanquished Creatures (others)
  A black bear (D:6)
  28 plants (D:6)
29 creatures vanquished.

Grand Total: 181 creatures vanquished

Notes
Turn   | Place    | Note
-------+----------+-------------------------------------------
     0 | D:5      | drugrobin the Demigod Delver began the quest for the Orb.
     0 | D:5      | Reached XP level 1. HP: 18/18 MP: 3/3
     4 | D:5      | Noticed a jelly
    20 | D:5      | Identified the +6 flail "Honopal" {pain, rN++ rCorr Str+3}
    33 | D:5      | Noticed a lemure
    57 | D:5      | Killed a jelly
    58 | D:5      | Reached XP level 2. HP: 26/27 MP: 4/4
    93 | D:5      | Reached XP level 3. HP: 32/34 MP: 5/5
   213 | D:5      | Reached skill level 1 in Armour
   213 | D:5      | Reached XP level 4. HP: 15/41 MP: 6/6
   484 | D:5      | Noticed a lemure
   485 | D:5      | Noticed a lemure
   485 | D:5      | Noticed a lemure
   511 | D:5      | Noticed Pikel
   526 | D:4      | Noticed Grinder
   743 | D:3      | Learned a level 2 spell: Ensorcelled Hibernation
   843 | D:3      | HP: 2/41 [orc/+0 club (2)]
  1135 | D:3      | Reached XP level 5. HP: 32/47 MP: 7/7
  1143 | D:4      | Reached skill level 5 in Fighting
  1278 | D:4      | Noticed a steam dragon
  1291 | D:4      | Killed a steam dragon
  1573 | D:4      | Noticed Sigmund
  1585 | D:4      | Killed Sigmund
  1586 | D:4      | Reached XP level 6. HP: 30/57 MP: 8/8
  1883 | D:4      | Noticed Eustachio
  1912 | D:4      | Killed Eustachio
  1913 | D:4      | Reached skill level 2 in Maces & Flails
  2161 | D:4      | Paralysed by Grinder for 2 turns
  2165 | D:4      | Paralysed by Grinder for 3 turns
  2168 | D:4      | Killed Grinder
  2169 | D:4      | Reached skill level 4 in Maces & Flails
  2169 | D:4      | Reached XP level 7. HP: 40/62 MP: 9/9
  3024 | D:1      | Learned a level 4 spell: Anguish
  4259 | D:3      | Found Tulaikon's Magic Scroll Boutique.
  4265 | D:3      | Bought a scroll of enchant armour for 105 gold pieces
  4265 | D:3      | Bought a scroll of noise for 14 gold pieces
  4265 | D:3      | Bought 2 scrolls of teleportation for 84 gold pieces
  5077 | D:5      | Reached skill level 1 in Necromancy
  5104 | D:4      | Killed Pikel
  5105 | D:4      | Reached skill level 5 in Maces & Flails
  5105 | D:4      | Reached XP level 8. HP: 65/70 MP: 10/10
  5332 | D:6      | Reached skill level 6 in Maces & Flails
  5497 | D:6      | Noticed Maggie
  5776 | D:6      | Found a transporter.
  5778 | D:6      | Noticed a kobold demonologist
  5779 | D:6      | Noticed a kobold demonologist
  6159 | D:6      | Found Daunwuot's Antique Armour Shop.
  6253 | D:7      | Found a staircase to the Ecumenical Temple.
  6371 | D:7      | Reached skill level 7 in Maces & Flails
  6443 | D:7      | Identified the +8 short sword of Disarray {flame, Dex+6}
  6538 | D:7      | Reached XP level 9. HP: 74/75 MP: 11/11
  6658 | D:7      | Identified the +9 war axe of Boqefak {flame, Will+ Str+2
                  | Dex-5}
  7099 | D:8      | Noticed Maurice
  7252 | D:8      | Reached skill level 8 in Maces & Flails
  7281 | D:8      | Reached skill level 5 in Armour
  7565 | D:8      | Killed Maurice
  7566 | D:8      | Reached skill level 5 in Necromancy
  7692 | D:8      | HP: 1/73 [wight/+2 halberd of venom (13)]
  7692 | D:8      | Slain by a wight

Illustrated notes

Levels and vault maps discovered:
D:1:      denvon_arrival_planthouse, layout_loops_ring, moated_statue,
          corexii_hall_statues_i
D:2:      layout_rooms, st_stairs_5
D:3:      layout_basic, nicolae_overflow_squiral, serial_shops,
          nicolae_shop_temple_entry_statues_fountains
D:4:      layout_loops_corners, grunt_decor_clamped, serial_bayou_pond_d,
          nrook_uturn, wad_floor_pattern_untrapped, hangedman_decor_points,
          uniq_eustachio, uniq_sigmund, uniq_grinder
D:5:      layout_rooms, kennysheep_cross_room, grunt_ministairs_12, uniq_pikel
D:6:      gammafunk_wand_slinger, layout_rooms, serial_shops,
          nicolae_take_the_stairs, serial_bayou_ford_a, st_stairs_13,
          serial_bayou_lake_a, uniq_crazy_yiuf_cottage, uniq_maggie
D:7:      layout_loops_cross, minmay_temple_entry_arrows,
          kennysheep_decorative_pillar
D:8:      layout_cave_pools, uniq_maurice

Skill      XL: |  1  2  3  4  5  6  7  8  9 |
---------------+----------------------------+-----
Fighting       | 3 4 5 |  5.9
Armour         | 1 2 3 4 5 |  5.5
Dodging        | 3 |  3.5
Maces & Flails | 4 5 7 8 |  8.8
Necromancy     | 2 3 5 |  5.1
Short Blades   | |  1.7
Stealth        | |  4.5

Action                   |  1- 3 |  4- 6 |  7- 9 || total
-------------------------+-------+-------+-------++-------
Melee: Flail             |    20 |    82 |   296 ||   398
       Punch             |     1 |       |     1 ||     2
       Short sword       |       |    27 |       ||    27
       Dagger            |       |       |    36 ||    36
Throw: Dart              |       |       |    17 ||    17
       Boomerang         |       |       |     4 ||     4
Evoke: Wand              |       |     1 |     1 ||     2
  Use: Potion            |       |     2 |       ||     2
       Scroll            |       |       |     1 ||     1
 Stab: Sleeping          |       |     4 |    10 ||    14
       Distracted        |       |       |     1 ||     1
Armor: Leather armour    |     6 |    39 |    16 ||    61
       Plate armour      |       |       |   126 ||   126
Dodge: Dodged            |    12 |    86 |   147 ||   245
Block: Buckler           |       |       |    20 ||    20

Table legend: (Time is in decaauts)
 A = Elapsed time spent in this place.
 B = Non-inter-level travel time spent in this place.
 C = Inter-level travel time spent in this place.
 D = Time resting spent in this place.
 E = Time spent auto-exploring this place.
 F = Levels seen in this place.
 G = Mean time per level.
                   A        B        C        D        E       F      G
               +--------+--------+--------+--------+--------+-----+--------+
         Total |   7760 |   7490 |    270 |   1569 |   3966 |   8 |  970.0 |
       Dungeon |   7760 |   7490 |    270 |   1569 |   3966 |   8 |  970.0 |
               +--------+--------+--------+--------+--------+-----+--------+

Top non-repeatable levels by time:
     D:4: 2253 daAuts
     D:5: 1186 daAuts
     D:7: 1106 daAuts
     D:3: 964 daAuts
     D:1: 767 daAuts
     D:2: 550 daAuts
     D:8: 478 daAuts
     D:6: 453 daAuts
